 Dungeon Crawl Stone Soup version 0.22.1-1-ga44c0e5 (webtiles) character file.

58 aMcNicky the Bolt Thrower (level 4, -2/25 HPs)
             Began as a Kobold Arcane Marksman on Nov 6, 2018.
             Slain by Robin
             ... wielding a +0 trident
              (8 damage)
             ... on level 1 of the Dungeon on Nov 9, 2018.
             The game lasted 00:06:06 (1386 turns).

aMcNicky the Bolt Thrower (Kobold Arcane Marksman)  Turns: 1386, Time: 00:06:07

Health: -2/25      AC:  2    Str:  7    XL:     4   Next: 20%
Magic:  5/5        EV: 15    Int: 14    God:
Gold:   91         SH:  0    Dex: 16    Spells: 4/5 levels left

rFire    . . .     SeeInvis .   a - +0 hand crossbow
rCold    . . .     Gourm    .   (shield restricted)
rNeg     . . .     Faith    .   e - +0 robe
rPois    .         Spirit   .   (no helmet)
rElec    .         Reflect  .   (no cloak)
rCorr    .         Harm     .   (no gloves)
MR       .....                  (no boots)
Stlth    +.........             (no amulet)
HPRegen  0.08/turn              (no ring)
MPRegen  0.09/turn              (no ring)

@: no status effects
A: small, carnivore
a: no special abilities


You were on level 1 of the Dungeon.
You were completely stuffed.

You visited 1 branch of the dungeon, and saw 2 of its levels.

You collected 91 gold pieces.

Inventory:

Hand Weapons
 a - a +0 hand crossbow (weapon)
 i - a +0 short sword
Missiles
 d - 22 bolts (quivered)
Armour
 e - a +0 robe (worn)
Scrolls
 c - 4 scrolls of identify {unknown}
 h - a scroll of magic mapping {unknown}
 j - a scroll of immolation {unknown}
 k - 2 scrolls of teleportation {unknown}
 m - a scroll of random uselessness {unknown}
 n - a scroll of enchant weapon {unknown}
Potions
 b - a potion of ambrosia {unknown}
 l - a potion of brilliance {unknown}
Comestibles
 f - 2 rations {@e1}
 g - 5 chunks of flesh


   Skills:
 - Level 1.1 Fighting
 * Level 5.0 Crossbows
 - Level 2.4 Dodging
 - Level 1.1 Spellcasting
 - Level 3.0 Hexes


You had 4 spell levels left.
You knew the following spells:

 Your Spells              Type           Power        Failure   Level  Hunger
a - Corona                Hex            #......      8%          1    ##.....

Your spell library contained the following spells:

 Spells                   Type           Power        Failure   Level  Hunger
 Slow                     Hex            #.......     12%         2    ###....
 Inner Flame              Hex/Fire       #.......     38%         3    ####...
 Portal Projectile        Hex/Tloc       #.....       38%         3    ####...
 Cause Fear               Hex            #.........   58%         4    #####..
 Leda's Liquefaction      Hex/Erth       #.........   80%         4    #####..


Dungeon Overview and Level Annotations

Branches:
Dungeon (2/15)

Altars:
Fedhas

Annotations:
D:1 Robin


Innate Abilities, Weirdness & Mutations

You are small and have problems with some larger weapons.
You are carnivorous and can eat meat at any time.


Message History

You shoot a bolt. The bolt barely misses Robin.
The bolt hits the goblin.
The goblin is heavily wounded.
Robin completely misses you. The goblin closely misses you.
Robin closely misses you. The goblin hits you with a dagger.
You climb upwards.
There is a stone staircase leading down here.
Firing (i - inventory)
d - 23 bolts (quivered)
Press: ? - help, Shift-Dir - straight line, f - goblin
Aim: a goblin, wielding a dagger You shoot a bolt.
The bolt hits Robin.
Robin is severely wounded.
Robin hits you with a trident. The goblin closely misses you.
Robin hits you with a trident!
* * * LOW HITPOINT WARNING * * *
You are too injured to fight recklessly!
The goblin misses you. The goblin hits you with a dagger.
* * * LOW HITPOINT WARNING * * *
Robin hits you from afar with a trident!
You die...

#### #..# #..# #..#
#..###### #.......#
### ##.(.....# #.#
##........# #.###
#...@.g...# #>...
#.#.......# ####.
#.#...g...## #.
#.#.......)### ##
#.#......>(..##### #
#.#.....((##.....####
#.####.##..#####.....
###.####.###.##
#####.
#....(........# ##..


You could see Robin and a goblin.

Vanquished Creatures
  A dart slug (D:1)
  A giant cockroach (D:2)
  9 goblins
  6 hobgoblins
  10 jackals
  A quokka (D:2)
  4 bats
  4 frilled lizards (D:1)
  8 kobolds
  5 rats (D:1)
49 creatures vanquished.

Vanquished Creatures (others)
  A goblin (D:2)
1 creature vanquished.

Grand Total: 50 creatures vanquished

Notes
Turn   | Place    | Note
-------+----------+-------------------------------------------
     0 | D:1      | aMcNicky the Kobold Arcane Marksman began the quest for the
                  | Orb.
     0 | D:1      | Reached XP level 1. HP: 12/12 MP: 2/2
   135 | D:1      | Reached skill level 3 in Crossbows
   135 | D:1      | Reached XP level 2. HP: 16/16 MP: 3/3
   295 | D:1      | Reached skill level 4 in Crossbows
   295 | D:1      | Reached XP level 3. HP: 12/20 MP: 4/4
   910 | D:2      | Found a blossoming altar of Fedhas.
  1219 | D:2      | Reached XP level 4. HP: 25/25 MP: 5/5
  1225 | D:2      | Noticed Robin
  1248 | D:2      | Reached skill level 5 in Crossbows
  1386 | D:1      | Slain by Robin

Skill      XL: |  1  2  3  4 |
---------------+-------------+-----
Crossbows      | 3 4 5 |  5.0
Fighting       | |  1.1
Dodging        | |  2.4
Spellcasting   | |  1.1
Hexes          | |  3.0

Action                   |  1- 3 |  4- 6 || total
-------------------------+-------+-------++-------
 Fire: Hand crossbow     |    83 |    21 ||   104
  Eat: Chunk             |     9 |     1 ||    10
Armor: Robe              |     8 |     2 ||    10
Dodge: Dodged            |    38 |    22 ||    60
